 Dungeon Crawl Stone Soup version 0.14.1 (webtiles) character file.

78 Quh the Magician (level 2, -6/19 HPs)
             Began as a Demonspawn Wizard on Apr 29, 2014.
             Mangled by a gnoll
             ... wielding a +0,+0 halberd
              (12 damage)
             ... on Level 1 of the Dungeon.
             The game lasted 00:04:49 (604 turns).

Quh the Magician (Demonspawn Wizard)                 Turns: 604, Time: 00:04:49

HP  -6/19        AC  3     Str  7      XL: 2   Next: 89%
MP   1/6         EV 12     Int 19      God:
Gold 52          SH  0     Dex 11      Spells:  3 memorised,  3 levels left

rFire  . . .     SeeInvis .     (no weapon)
rCold  . . .     Clarity  .     a - +0 robe
rNeg   . . .     Conserve .     (no shield)
rPois  .         rCorr    .     b - +0 hat
rElec  .         rRot     .     (no cloak)
SustAb . .       Spirit   .     l - +0 pair of gloves
rMut   .         Warding  .     (no boots)
Saprov . . .     Stasis   .     (no amulet)
MR     .....                    (no ring)
                                (no ring)

@: not resistant to hostile enchantments, unstealthy
A: talons 1
a: no special abilities


You were on level 1 of the Dungeon.
You were not hungry.

You visited 1 branch of the dungeon, and saw 1 of its levels.

You collected 52 gold pieces.

Inventory:

Hand weapons
 e - a cursed +0,-3 dagger
Missiles
 m - a steel dart (quivered)
 n - 4 poisoned darts
Armour
 a - a +0 robe (worn)
 b - a +0 hat (worn)
 l - a +0 pair of gloves (worn)
Comestibles
 d - 2 bread rations
 k - a sausage
 o - 2 chunks of hobgoblin flesh
Scrolls
 f - a scroll of fear {unknown}
 h - a scroll of identify {unknown}
 j - 3 scrolls of teleportation {unknown}
Potions
 g - a potion of haste {unknown}
 i - a potion of cure mutation {unknown}
Books
 c - a book of Minor Magic

   Spells                             Type                      Level
   *Magic Dart                        Conjuration                  1
   *Blink                             Translocation                2
   *Call Imp                          Summoning                    2
   Repel Missiles                     Charms/Air                   2
   Slow                               Hexes                        2
   Conjure Flame                      Conjuration/Fire             3
   Mephitic Cloud                     Conjuration/Poison/Air       3


   Skills:
 - Level 1.7 Dodging
 - Level 1.7 Stealth
 * Level 3.7 Spellcasting
 * Level 1.6 Conjurations
 + Level 1.0 Summonings
 + Level 0.8 Translocations


You had 3 spell levels left.
You knew the following spells:

 Your Spells              Type           Power        Failure   Level  Hunger
a - Magic Dart            Conj           #...         10%         1    None
b - Blink                 Tloc           N/A          17%         2    ##.....
c - Call Imp              Summ           #.......     17%         2    ##.....


Dungeon Overview and Level Annotations

Branches:
Dungeon (1/15)

Altars:


Innate Abilities, Weirdness & Mutations

You have sharp toenails.


Message History

Your crimson imp hits the gnoll.
You hit the gnoll but do no damage.
The gnoll is severely wounded.
Your crimson imp blinks!
The gnoll barely misses you.
Your crimson imp hits the gnoll.
Your crimson imp blinks!
The gnoll barely misses you.
Your crimson imp closely misses the gnoll.
Your crimson imp blinks!
The gnoll barely misses you.
You hit the gnoll but do no damage.
The gnoll is almost dead.
You barely miss the gnoll.
The gnoll is almost dead.
The gnoll hits you with a halberd!
You hit the gnoll but do no damage.
The gnoll is almost dead.
The gnoll hits you with a halberd!
Ouch! That really hurt!
You die...

##....#..####.#...
#....#.%####.##.....
#...(......#.##......
#..........#.##.....
#..........#.##.....
##..>.......#.##5....
...................
##..........#.##g###########
...............5@...........
............#....%(..........
............#..%.............
.....##.#####................
............................
.....##.#####...............
.....##.### #...............
..)........................
........#####.............


You could see a gnoll and 2 friendly crimson imps.

Vanquished Creatures
  A giant mite (D:1)
  An ooze (D:1)
  2 bats (D:1)
  3 goblins (D:1)
  2 hobgoblins (D:1)
  3 jackals (D:1)
  A giant newt (D:1)
  2 rats (D:1)
15 creatures vanquished.

Vanquished Creatures (collateral kills)
  A hobgoblin (D:1)
  A kobold (D:1)
2 creatures vanquished.

Grand Total: 17 creatures vanquished

Notes
Turn   | Place    | Note
--------------------------------------------------------------
     0 | D:1      | Quh, the Demonspawn Wizard, began the quest for the Orb.
     0 | D:1      | Reached XP level 1. HP: 13/13 MP: 4/4
    55 | D:1      | Gained mutation: You have sharp toenails. [demonic ancestry]
    55 | D:1      | Reached XP level 2. HP: 19/19 MP: 0/6
   545 | D:1      | Learned a level 2 spell: Blink
   548 | D:1      | Learned a level 2 spell: Call Imp
   604 | D:1      | Mangled by a gnoll

Action                   || total
-------------------------++-------
Melee: Unarmed           ||    53
 Cast: Magic Dart        ||    33
       Call Imp          ||     3
